[Event "Early-Titled-Tuesday-Blitz-January-16-2024"]
[Site "Chess.com"]
[Date "2024.01.16"]
[Round "8"]
[White "KnightmareJoker"]
[Black "queen_iryna"]
[Result "1-0"]
[WhiteElo "2123"]
[BlackElo "2315"]
[TimeControl "180+1"]
[EndTime "9:33:32 PST"]
[Termination "KnightmareJoker won on time"]

1. e4 d6 2. d4 Nf6 3. Nc3 e5 4. Nf3 Nbd7 5. Be3 Be7 6. Bc4 c6 7. O-O b5 8. Bb3 b4 9. Ne2 Nxe4 10. dxe5 Nxe5 11. Ned4 Nxf3+ 12. Qxf3 d5 13. Nxc6 Qd6 14. Nxe7 Kxe7 15. Rad1 Be6 16. Rfe1 Rhd8 17. Bf4 Qc6 18. Qe2 Kf8 19. f3 Nc5 20. Be3 Rac8 21. Bd4 f6 22.
Kf1 Nxb3 23. axb3 Re8 24. c3 bxc3 25. bxc3 Qb7 26. Qc2 Kg8 27. Kg1 Qd7 28. Qf2 a6 29. b4 Bf5 30. Bc5 Bg6 31. Re3 Rxe3 32. Qxe3 Re8 33.
Qd4 Bc2 34. Qxd5+ Qxd5 35. Rxd5 Bb3 36. Rd6 Bc4 37. Rd4 Bb5 38. c4 Bc6 39. Rd6 Bb7 40. Rb6 Bc8 41. Kf2 Kf7 42. Rc6 Bb7 43. Rc7+ Kg6 44.
Rxb7 Rc8 45. Rb6 a5 46. Rb5 axb4 47. Bxb4 Rxc4 48. Bd2 Rc2 49. Ke2 h5 50. g3 Ra2 51.
Rb3 Ra4 52. Ke3 h4 53. Bc3 hxg3 54. hxg3 Ra2 55. Bd4 Ra4 56. f4 Rc4 57. Ke4 Ra4 58. f5+ 1-0

[Event "Early-Titled-Tuesday-Blitz-January-16-2024"]
[Site "Chess.com"]
[Date "2024.01.16"]
[Round "8"]
[White "Grossboss19"]
[Black "vanyakuba"]
[Result "1-0"]
[WhiteElo "2542"]
[BlackElo "2325"]
[TimeControl "180+1"]
[EndTime "9:33:37 PST"]
[Termination "Grossboss19 won by resignation"]

1. e4 d5 2. e5 c5 3. c3 Nc6 4. d4 Bf5 5. g4 Be4 6. f3 Bg6 7. Ne2 e6 8. h4 h5 9. Nf4 Bxb1 10. Rxb1 hxg4 11. fxg4 Rxh4 12. Rg1 Qb6 13. Be3 cxd4 14. cxd4 Nxe5 15. Ng2 Bb4+ 16. Ke2 Qa6+ 17. Kf2 Nxg4+ 18.
Kg3 Nxe3 19. Bxa6 Rg4+ 20. Qxg4 Nxg4 21. Bb5+ Ke7 22. Kxg4 Nf6+ 23. Kf3 Ne4 24. Rbc1 a6 25. Bd3 Nd6 26. a3 Ba5 27. Nf4 Bb6 28. Ne2 g6 29. Rh1 Kf6 30. Ke3 e5 31. Rcf1+ Ke7 32. Rh7 e4 33.
Bb1 Nf5+ 34. Kf4 Bc7+ 35. Kg5 Bd8 36. Rc1 Kd6+ 37. Kf4 Ke6 38. Ng3 Be7 39. Nxf5 gxf5 40. Rh6+ f6 41. Ke3 Rg8 42. Ba2 Bd6 43. Rf1 Rg3+ 44.
Ke2 Rg2+ 45. Rf2 Rg3 46. Rh5 Rg5 47. Rxg5 fxg5 48. Rh2 f4 49. Rh6+ Ke7 50. Bxd5 f3+ 51. Ke3 Bf4+ 52. Kxe4 f2 53. Bc4 Bd2 54. Bf1 Be1 55.
Rh7+ Kf6 56. d5 b5 57. Rb7 Ba5 58. d6 Ke6 59. d7 Ke7 60. Kf3 Be1 61. Kg4 Kd8 62. Kxg5 1-0

[Event "Early-Titled-Tuesday-Blitz-January-16-2024"]
[Site "Chess.com"]
[Date "2024.01.16"]
[Round "8"]
[White "Kirill_Klukin"]
[Black "Goryachkina"]
[Result "1/2-1/2"]
[WhiteElo "2860"]
[BlackElo "2682"]
[TimeControl "180+1"]
[EndTime "9:33:41 PST"]
[Termination "Game drawn - insufficient material"]

1. Nf3 d5 2. c4 e6 3. cxd5 exd5 4.
d4 Nf6 5. Nc3 c6 6. Bg5 Be7 7. e3 Bf5 8. Bd3 Bxd3 9. Qxd3 Nbd7 10.
O-O O-O 11. Rab1 a5 12. b3 Re8 13. h3 Ne4 14. Bf4 Bd6 15. Bxd6 Nxd6 16. Nd2 Qg5 17. Rbe1 h6 18. f3 Rad8 19. e4 dxe4 20. fxe4 c5 21. Nf3 Qg6 22. d5 Ne5 23. Qe3 Nxf3+ 24. Rxf3 Re5 25. Qxc5 Nxe4 26. Qc7 Rde8 27. Rfe3 f5 28. d6 Rc5 29. Qxb7 Nxd6 30. Rxe8+ Nxe8 31. Qa8 Kf8 32. Ne2 Re5 33. Qf3 Qe6 34. Kf1 Re3 35.
Qf2 Nf6 36. Nd4 Rxe1+ 37. Qxe1 Qxe1+ 38. Kxe1 g6 39. Nc6 Nd5 40. Nxa5 Nf4 41. Kf2 Ke7 42. Nc4 Ke6 43. a4 Nd3+ 44. Ke3 Nc5 45. Nd2 Kd5 46. a5 Kc6 47. b4 Nd7 48. Kd4 Kb5 49. Kc3 Nf6 50. Nf3 Nd5+ 51. Kd4 Nxb4 52. Ke5 Nd3+ 53. Kf6 Nf4 54. g3 Nxh3 55. Kxg6 f4 56. g4 Nf2 57. Kh5 Nxg4 58. Kxg4 Kxa5 59. Kxf4 Kb5 60. Kg4 Kc5 61. Kh5 Kc4 62. Kxh6 1/2-1/2

[Event "Early-Titled-Tuesday-Blitz-January-16-2024"]
[Site "Chess.com"]
[Date "2024.01.16"]
[Round "8"]
[White "LyonBeast"]
[Black "Firouzja2003"]
[Result "1-0"]
[WhiteElo "3158"]
[BlackElo "3166"]
[TimeControl "180+1"]
[EndTime "9:33:45 PST"]
[Termination "LyonBeast won on time"]

1. e4 e5 2. Nf3 Nc6 3. Bb5 Nf6 4. O-O Nxe4 5. d4 Nd6 6. Bxc6 dxc6 7. dxe5 Nf5 8.
Qxd8+ Kxd8 9. Nc3 Bd7 10. Bf4 h6 11. h3 Kc8 12. Rad1 Be7 13. Rfe1 b6 14. Ne2 c5 15. g4 Nh4 16. Nxh4 Bxh4 17. Bg3 Bd8 18. Nf4 Bc6 19. e6 fxe6 20. Nxe6 Kb7 21. Nxg7 Bf6 22. Nf5 Bxb2 23.
Re7 Ka6 24. Rxc7 Ba4 25. Rb1 Bf6 26. Ne3 Bd4 27. c4 Bxe3 28. fxe3 Rae8 29. Bf4 Re4 30.
Rc1 Re6 31. Rc3 Ka5 32. Rxa7+ Kb4 33. Rc1 Bc6 34. Ra6 Be4 35. Bc7 Rc8 36. Bxb6 Rcc6 37. Ba5+ Ka3 38. Ra7 Ra6 39. Rxa6 Rxa6 40. Bc3 Re6 41.
Kf2 Kxa2 42. Bg7 Kb3 43. Kg3 Bc2 44. Kh4 Rg6 45. Bf8 Rc6 46. Kh5 Kb2 47. Rf1 Bg6+ 48. Kh4 Bd3 49. Bg7+ Kb3 50. Rc1 Bxc4 51. e4 Bf7 52.
Rc3+ Kb4 53. Rf3 Bg6 54. Bxh6 Bxe4 55. Bd2+ Kc4 56. Ra3 Kd4 57. Kg3 c4 58. Bc3+ Kd5 59.
h4 Bd3 60. h5 Ke4 61. Ra5 Ke3 62. Re5+ Be4 63. g5 Kd3 64. Be1 c3 65. Bxc3 Rxc3 66.
Kf4 Rc4 67. h6 Bg6+ 68. Kf3 Bh5+ 69. Kg3 Rc7 70. Re6 1-0

[Event "Early-Titled-Tuesday-Blitz-January-16-2024"]
[Site "Chess.com"]
[Date "2024.01.16"]
[Round "8"]
[White "GMT4114"]
[Black "Darkbluelord"]
[Result "1-0"]
[WhiteElo "1996"]
[BlackElo "2164"]
[TimeControl "180+1"]
[EndTime "9:33:46 PST"]
[Termination "GMT4114 won by resignation"]

1. e4 c5 2. Nc3 d6 3. d4 cxd4 4. Qxd4 Nf6 5. b3 Nc6 6. Qd2 g6 7.
Bb2 Bg7 8. O-O-O O-O 9. f3 a5 10.
Bb5 Bd7 11. Nge2 Qb6 12. a4 Rfd8 13. Nd5 Nxd5 14. Bxg7 Kxg7 15. Qxd5 Be6 16. Qd2 Rac8 17. Kb1 Nb4 18. Qd4+ Qxd4 19. Nxd4 Bd7 20. Bxd7 Rxd7 21. Rd2 Rdc7 22. c4 Nc6 23. Nb5 Rd7 24. h4 Ne5 25.
Nc3 h5 26. Rhd1 Rdd8 27. Nd5 Kf8 28. Kb2 Nd7 29. Kc3 Rc6 30. Ne3 Nc5 31. Nc2 Rdc8 32. Nd4 R6c7 33. Nb5 Rc6 34. Na7 R8c7 35. Nxc6 Rxc6 36.
g3 Rb6 37. Rb2 Na6 38. g4 Nb4 39. gxh5 gxh5 40. Rg1 e6 41. Rg5 d5 42. exd5 exd5 43. Rxh5 dxc4 44. Kxc4 Rc6+ 45. Rc5 Rxc5+ 46. Kxc5 Nd3+ 47.
Kb6 Nxb2 48. Kxb7 Nd3 49. Kb6 Nc1 50. Kxa5 Nxb3+ 51. Kb4 Nd4 52. a5 Ke7 53. f4 Kd7 54.
h5 Nf5 55. Kb5 Kc7 56. Kc5 Nh6 57. Kd5 Kb7 58. Kd6 Ka6 59. Ke5 Kxa5 60. Kf6 Kb6 61.
Kg5 Ng8 62. h6 Nxh6 63. Kxh6 Kc6 64. Kg7 Kd6 65. Kxf7 Kd5 66. Kg6 Ke6 67. f5+ Ke7 68. Kg7 Kd6 69. f6 Ke5 70. f7 Kf4 71. f8=Q+ Kg4 72. Qf7 1-0

[Event "Early-Titled-Tuesday-Blitz-January-16-2024"]
[Site "Chess.com"]
[Date "2024.01.16"]
[Round "8"]
[White "GalaxyRoman"]
[Black "AldokhinIvan"]
[Result "1-0"]
[WhiteElo "2866"]
[BlackElo "2599"]
[TimeControl "180+1"]
[EndTime "9:33:48 PST"]
[Termination "GalaxyRoman won by resignation"]

1. e4 c5 2. Nc3 e6 3. f4 d5 4. Nf3 Nc6 5. Bb5 Ne7 6. O-O d4 7.
Ne2 a6 8. Bxc6+ Nxc6 9. d3 b5 10. Ng3 Bd6 11. f5 Bxg3 12. hxg3 exf5 13. exf5 Bxf5 14. Ng5 Bg6 15. Re1+ Ne7 16. Qe2 Ra7 17. a4 b4 18. Qe5 O-O 19. Qxc5 Rc7 20. Qxb4 Nd5 21.
Qb3 Qa8 22. Re5 Rc5 23. Ne4 Rb8 24. Nxc5 Rxb3 25. Nxb3 f6 26. Re2 Qa7 27. Bf4 h5 28.
Rae1 h4 29. Bd6 Qb6 30. Bc5 Qc6 31. gxh4 Nf4 32. Rf2 Ne6 33. Bxd4 Qd5 34. Bc3 Nc7 35. Nd4 Qd7 36. Rfe2 Nd5 37. Bd2 Qg4 38. Nf3 Qg3 39. Rf1 Bh5 40. Re4 Qd6 41. c3 Bg6 42. Ree1 Qb6+ 43.
Rf2 Qxb2 44. c4 Nb4 45. Bxb4 Qxb4 46. Rd2 Qxa4 47. Rc1 Qa3 48. Rdc2 a5 49. c5 Bxd3 50. Rc3 Qb2 51. c6 Bf5 52. c7 a4 53. c8=Q+ Bxc8 54. Rxc8+ Kh7 55. R8c2 Qb6+ 56. Kh1 a3 57. Ra1 Qb4 58.
Rca2 g5 59. hxg5 fxg5 60. Rxa3 g4 61. Ra7+ Kg6 62. R7a6+ Kg7 63. R6a4 Qd6 64. Rxg4+ Kf8 65. Re1 1-0

[Event "Early-Titled-Tuesday-Blitz-January-16-2024"]
[Site "Chess.com"]
[Date "2024.01.16"]
[Round "8"]
[White "JonasEilenberg"]
[Black "Alexchess1984"]
[Result "1/2-1/2"]
[WhiteElo "2547"]
[BlackElo "2676"]
[TimeControl "180+1"]
[EndTime "9:33:48 PST"]
[Termination "Game drawn by agreement"]

1. d4 Nf6 2. Nc3 d5 3. Bf4 c6 4.
e3 Bf5 5. f3 e6 6. g4 Bg6 7. h4 h5 8. g5 Nfd7 9. Bd3 Bxd3 10.
Qxd3 g6 11. Nge2 c5 12. O-O-O Nc6 13. e4 cxd4 14. Nxd4 Bg7 15. Nxc6 bxc6 16. exd5 cxd5 17. Nxd5 Rc8 18. Rhe1 O-O 19. Nc7 Rxc7 20. Bxc7 Qxc7 21. Qxd7 Qf4+ 22. Kb1 Qxh4 23. Qxa7 Qxg5 24. Qe3 Qb5 25.
c3 Rb8 26. Rd2 Qc4 27. Qd3 Qc7 28. Ka1 h4 29. Qd6 Qb7 30. Qf4 h3 31. Rh1 Qb5 32.
a4 Qb3 33. Rxh3 Bxc3 34. Qxb8+ Qxb8 35. bxc3 Qb3 36. f4 Qxa4+ 37. Kb2 Qb5+ 38. Kc2 Qf5+ 39. Rhd3 Qxf4 40. Kb3 Qb8+ 41. Kc2 Qb5 42. Rd4 e5 43. Rd5 Qa4+ 44. Kb2 Qf4 45. Kb3 e4 46. c4 e3 47.
R2d4 Qf3 48. Re5 e2+ 49. Kb4 Qb7+ 50. Kc3 Qf3+ 51. Kb4 Qf2 52. Rde4 Qb6+ 53. Kc3 Qf6 54. Rxe2 g5 55. c5 g4 56. Kb4 g3 57. R5e3 Qf4+ 58. Re4 Qb8+ 59. Kc4 Qc7 60. Rg4+ Kf8 61. Re3 f5 62.
Rgxg3 f4 63. Rgf3 Qf7+ 64. Kd3 Qb3+ 65. Ke4 Qc4+ 66. Ke5 Qxc5+ 67. Kxf4 Kf7 68. Kg3+ Kg7 69. Kf2 Qc2+ 70. Re2 Qc5+ 71. Ree3 1/2-1/2

[Event "Early-Titled-Tuesday-Blitz-January-16-2024"]
[Site "Chess.com"]
[Date "2024.01.16"]
[Round "8"]
[White "kritipatel"]
[Black "KorolDimitriy75"]
[Result "1/2-1/2"]
[WhiteElo "2188"]
[BlackElo "2345"]
[TimeControl "180+1"]
[EndTime "9:33:50 PST"]
[Termination "Game drawn by stalemate"]

1. e4 c5 2. c3 d5 3. exd5 Qxd5 4. d4 cxd4 5. cxd4 Nc6 6. Nf3 e5 7. Nc3 Bb4 8. Bd2 Bxc3 9. Bxc3 e4 10. Ne5 Nxe5 11. dxe5 Ne7 12. Be2 O-O 13. O-O Re8 14. Qc2 Bf5 15. Rfd1 Qc5 16. Qb3 Qc7 17. Rac1 Nc6 18.
Bb5 Rad8 19. Bxc6 Qxc6 20. Ba5 Rxd1+ 21. Qxd1 Qb5 22. Bc3 h6 23. h3 a6 24. Qd4 Re6 25. a4 Qb3 26. Qd8+ Kh7 27. Qd4 Rg6 28. Kh2 Qa2 29. a5 Qe6 30. Qe3 Rg5 31. Rg1 Qg6 32. Qd4 Be6 33. Bd2 Rf5 34. b4 Qh5 35. Be3 Qh4 36. f3 Rh5 37. Qxe4+ Qxe4 38. fxe4 Rxe5 39. Bc5 Rxe4 40. Rd1 Re2 41. Rg1 Bd5 42. Kg3 Bc6 43. Kh2 Kg6 44. Kg3 h5 45. Kh2 f6 46. Bd6 Kf7 47.
Bc5 h4 48. Bd6 g5 49. Bc5 Kg6 50. Bd6 f5 51. Bc5 f4 52. Bd6 f3 53. Kh1 Rxg2 54.
Rxg2 fxg2+ 55. Kg1 Kf5 56. Bc5 Kf4 57. Bf2 Kf3 58.
Bc5 Kg3 59. Bd6+ Kxh3 60. Be5 g4 61. Bd6 g3 62. Be5 Kg4 63. b5 Bf3 64. b6 h3 65.
Bxg3 Kxg3 1/2-1/2

[Event "Early-Titled-Tuesday-Blitz-January-16-2024"]
[Site "Chess.com"]
[Date "2024.01.16"]
[Round "8"]
[White "lefonghua"]
[Black "GMSrinath"]
[Result "1/2-1/2"]
[WhiteElo "2659"]
[BlackElo "2822"]
[TimeControl "180+1"]
[EndTime "9:33:51 PST"]
[Termination "Game drawn by repetition"]

1. d4 Nf6 2. c4 e6 3. Nc3 Bb4 4.
f3 c5 5. a3 Bxc3+ 6. bxc3 d5 7. cxd5 Nxd5 8. dxc5 Qa5 9. e4 Ne7 10. Be3 O-O 11. Qb3 Nbc6 12. Nh3 e5 13. Nf2 Be6 14.
Bc4 Nd4 15. Bxd4 Bxc4 16. Qxc4 exd4 17. Qxd4 Qa6 18. Qd3 Qa5 19. O-O Qxc5 20. Qd4 Qc7 21. Rfd1 Ng6 22. Nd3 Rfd8 23. Qc5 Qd7 24. Nf2 Qa4 25.
Qc7 Rxd1+ 26. Rxd1 Qxa3 27. Qxb7 Rf8 28. Qb4 Qa2 29.
Qb1 Qa3 30. Qb4 Qa2 31. Qb1 Qc4 32. Qd3 Qa4 33. Qd4 Qa2 34. g3 a5 35. c4 a4 36. c5 a3 37. Ra1 Qb3 38. Qd3 Qxd3 39.
Nxd3 Ra8 40. c6 Ne7 41. c7 Kf8 42. Nb4 Ke8 43. Ra2 Kd7 44. Nc2 Rc8 45. Rxa3 Rxc7 46. Rd3+ Ke8 47. Ne3 Ra7 48. Rd2 Ra3 49. Kf2 h5 50. f4 g6 51. e5 Nc6 52. Nd5 Rb3 53. Nf6+ Kf8 54. Rc2 Ne7 55. Ra2 Rb7 56. Ra8+ Kg7 57.
Ne8+ Kh7 58. Nf6+ Kg7 59. Ke2 Rb2+ 60. Kd3 Rxh2 61. Re8 Nf5 62. Rg8+ Kh6 63. Rh8+ Kg7 64. Rg8+ Kh6 65. Ng4+ Kh7 66. Nf6+ Kh6 1/2-1/2

[Event "Early-Titled-Tuesday-Blitz-January-16-2024"]
[Site "Chess.com"]
[Date "2024.01.16"]
[Round "8"]
[White "GHANDEEVAM2003"]
[Black "SantoBlue"]
[Result "0-1"]
[WhiteElo "3005"]
[BlackElo "2960"]
[TimeControl "180+1"]
[EndTime "9:33:52 PST"]
[Termination "SantoBlue won by resignation"]

1. b3 d5 2. Bb2 Bf5 3. Nf3 e6 4. e3 h6 5. c4 c6 6. Nc3 Nf6 7. Be2 Be7 8. O-O O-O 9. d4 Nbd7 10. Bd3 Bxd3 11. Qxd3 Rc8 12. Rfd1 Qc7 13. Rac1 Qb8 14. g3 Rfd8 15. Kg2 dxc4 16. bxc4 e5 17. Ne4 exd4 18. exd4 Nxe4 19. Qxe4 Bf6 20. Ba3 Re8 21. Qf5 Nb6 22. h4 Rcd8 23. d5 Qc8 24. Qxc8 Rxc8 25.
Bc5 Re2 26. d6 Nd7 27. Bxa7 Ra8 28. Be3 Raxa2 29. Kf1 Rec2 30. Rxc2 Rxc2 31. Rb1 Rb2 32. Rc1 Kf8 33. Nd2 Bd4 34. Ra1 f5 35. Ra8+ Kf7 36.
Bf4 Be5 37. Bxe5 Nxe5 38. Nf3 Nd7 39. Nd4 Rd2 40. Nxf5 Kf6 41. g4 h5 42. Ng3 Kf7 43. Nxh5 Ne5 44. g5 Rxd6 45. Ra7 Rd7 46. c5 Nd3 47.
Ng3 Nxc5 48. h5 b5 49. Ra8 b4 50. Ra5 Ne6 51. g6+ Ke7 52. Nf5+ Kf6 53. Ne3 b3 54.
Nc4 Rd1+ 55. Kg2 Rc1 56. Nb2 Rc2 57. Nd3 b2 58. Nxb2 Rxb2 59. Ra6 Nf4+ 60. Kf3 Nxh5 61.
Rxc6+ Kg5 62. Rb6 Rxb6 0-1

[Event "Early-Titled-Tuesday-Blitz-January-16-2024"]
[Site "Chess.com"]
[Date "2024.01.16"]
[Round "8"]
[White "BogdanDeac"]
[Black "DreamsAreFake"]
[Result "1-0"]
[WhiteElo "3011"]
[BlackElo "2757"]
[TimeControl "180+1"]
[EndTime "9:33:52 PST"]
[Termination "BogdanDeac won on time"]

1. d4 Nf6 2. Bf4 b6 3. c4 Bb7 4. Nc3 g6 5. d5 Bg7 6. e4 O-O 7. Be2 e6 8. Nf3 exd5 9. exd5 Na6 10. O-O Re8 11. Re1 Nc5 12. Qc2 d6 13. Bf1 a5 14.
h3 Qd7 15. Be3 Nfe4 16. Nxe4 Nxe4 17. Bd4 Bxd4 18. Nxd4 Nf6 19. b3 Rxe1 20. Rxe1 Re8 21.
Rd1 Qe7 22. a3 Qe4 23. Qd2 Qe5 24. b4 Ne4 25. Qc2 axb4 26. axb4 Bc8 27. Nb5 Re7 28. Re1 Bf5 29. g4 Bd7 30. Nxc7 Qd4 31. Ne6 Qxf2+ 32.
Qxf2 Nxf2 33. Kxf2 fxe6 34. Ra1 exd5 35. cxd5 Kg7 36.
Bd3 Kf6 37. Ra6 Ke5 38. Rxb6 Kxd5 39. Be2 Rf7+ 40. Ke3 Ke5 41. Rb7 Be6 42. Rxf7 Bxf7 43.
Bb5 d5 44. Bc6 Kd6 45. Ba8 Be6 46. Kd4 h5 47. gxh5 gxh5 48. h4 Bf7 49. b5 Be6 50. Bb7 Bf7 51. Bc6 Be6 52. Be8 Bg4 53. Bf7 Bf3 54. Bg6 Bg4 55. Be8 Bf3 56. Bf7 Be4 57.
Bxh5 Bg2 58. Be2 Be4 59. h5 1-0

[Event "Early-Titled-Tuesday-Blitz-January-16-2024"]
[Site "Chess.com"]
[Date "2024.01.16"]
[Round "8"]
[White "ChessSwole"]
[Black "Licancabur"]
[Result "0-1"]
[WhiteElo "2681"]
[BlackElo "2517"]
[TimeControl "180+1"]
[EndTime "9:33:52 PST"]
[Termination "Licancabur won by checkmate"]

1. e4 Nf6 2. e5 Nd5 3. d4 d6 4. Nf3 g6 5. h3 Bg7 6. Be2 O-O 7. O-O Nc6 8. c4 Nb6 9. exd6 cxd6 10. Nc3 Bf5 11.
b3 e5 12. d5 Nd4 13. Bb2 Nxe2+ 14. Nxe2 Bd7 15. c5 dxc5 16. Bxe5 Bxe5 17. Nxe5 Re8 18. f4 Bb5 19. d6 Bxe2 20. Qxe2 f6 21. Rad1 fxe5 22.
fxe5 Qd7 23. Rf6 Re6 24. Rdf1 Rae8 25. Qf3 Rxf6 26. exf6 Qf7 27. a4 a5 28. Qc3 Nd7 29.
Qxa5 b6 30. Qb5 Re6 31. Qc6 Rxf6 32. Re1 Re6 33. Rf1 Rf6 34. Re1 Re6 35. Rf1 Qe8 36.
Qd5 Kg7 37. Qd2 Nf6 38. Rd1 Qd7 39. h4 Ne4 40. Qf4 Nf6 41. b4 c4 42. a5 bxa5 43.
bxa5 c3 44. Qd4 c2 45. Rc1 Qxd6 46. Qb2 Qd1+ 47. Kh2 Re1 48. Qxc2 Qxc1 49. Qb3 Rh1+ 50. Kg3 Ne4+ 51. Kf3 Qd1+ 52. Qxd1 Rxd1 53. Kxe4 Ra1 54. Kf4 Rxa5 55. Kg4 Rb5 56. Kf4 h5 57. Kg3 Kf6 58. Kf4 Rb4+ 59. Kg3 Ra4 60. Kh3 Kf5 61. g3 Ra2 62.
g4+ Kf4 63. gxh5 g5 64. hxg5 Kxg5 65. Kg3 Kxh5 66. Kf4 Rc2 67. Ke3 Rc8 68. Kd3 Kg4 69.
Kd4 Kf5 70. Kd5 Rc7 71. Kd6 Ra7 72. Kc6 Ra1 73. Kb6 Ke5 74. Kc5 Ke4 75. Kb4 Rc1 76.
Kb3 Kd3 77. Kb2 Rc3 78. Ka2 Kc2 79. Ka1 Ra3# 0-1

[Event "Early-Titled-Tuesday-Blitz-January-16-2024"]
[Site "Chess.com"]
[Date "2024.01.16"]
[Round "8"]
[White "Herzog2012"]
[Black "Kopytkin"]
[Result "1/2-1/2"]
[WhiteElo "2531"]
[BlackElo "2397"]
[TimeControl "180+1"]
[EndTime "9:33:52 PST"]
[Termination "Game drawn by stalemate"]

1. e4 c6 2. d4 d5 3. e5 Bf5 4. Nf3 e6 5. Be2 c5 6. Be3 Nc6 7. c4 Nge7 8. Na3 cxd4 9. Nxd4 Nxd4 10. Bxd4 Nc6 11. Nb5 a6 12. Nd6+ Bxd6 13. exd6 e5 14. Bxe5 Nxe5 15. Qxd5 Qf6 16. O-O O-O 17. c5 Bd7 18. Qxb7 Bc6 19. Qb4 Rab8 20. Qc3 Rfd8 21. Rad1 h5 22. f4 Ng4 23. Qxf6 Nxf6 24. b3 a5 25.
Rfe1 Re8 26. Bd3 Rxe1+ 27. Rxe1 Re8 28. Rxe8+ Nxe8 29. a3 Nf6 30. g3 Nd5 31. Be4 Kf8 32. Kf2 g6 33. Bf3 Ke8 34. Ke1 Kd7 35. Kd2 Nf6 36. Be2 Ne4+ 37. Ke3 Nxc5 38. b4 axb4 39. axb4 Nb7 40. f5 Nxd6 41. fxg6 fxg6 42. Kf4 Nf7 43. Bd3 g5+ 44. Ke3 Ke6 45. Bg6 h4 46. gxh4 gxh4 47. Kf4 Kf6 48. Bh5 Bd7 49. Bxf7 Kxf7 50. Kg5 h3 51.
Kf4 Ke6 52. b5 Kd6 53. b6 Kc6 54. b7 Kxb7 55. Ke3 Kc6 56. Kf2 Kd5 57. Kg1 Ke4 58.
Kf1 Kf3 59. Kg1 Ke3 60. Kf1 Bc6 61. Kg1 Bf3 62. Kf1 Kf4 63. Kg1 Bg2 64. Kf2 Be4 65. Kg1 Bd3 66. Kf2 Kg4 67. Kg1 Kf3 68.
Kh1 Ke2 69. Kg1 Ke1 70. Kh1 Be4+ 71. Kg1 Bf3 1/2-1/2

[Event "Early-Titled-Tuesday-Blitz-January-16-2024"]
[Site "Chess.com"]
[Date "2024.01.16"]
[Round "8"]
[White "ATM622"]
[Black "Kaissa10"]
[Result "1/2-1/2"]
[WhiteElo "2487"]
[BlackElo "2277"]
[TimeControl "180+1"]
[EndTime "9:33:52 PST"]
[Termination "Game drawn - insufficient material"]

1. d4 d5 2. c4 e6 3. Nf3 Nf6 4. g3 Be7 5. Bg2 O-O 6. O-O dxc4 7. Ne5 Nc6 8. Bxc6 bxc6 9. Nxc6 Qe8 10. Nxe7+ Qxe7 11. Qc2 Rd8 12. Qxc4 Bb7 13. Nc3 Rac8 14. Qc5 Qxc5 15. dxc5 Nd5 16. Bd2 Ba6 17. Rfe1 Nb4 18. Red1 Nc2 19. Rac1 Nd4 20. Kf1 Nf3 21. Bf4 e5 22.
Be3 Nxh2+ 23. Kg2 Ng4 24. Nd5 Nxe3+ 25. Nxe3 Bxe2 26. Re1 Bb5 27. Nf5 Re8 28. c6 Re6 29. Rc5 a6 30. Rcxe5 Rce8 31. Rxe6 Rxe6 32. Rxe6 fxe6 33.
Nd4 Bc4 34. b3 Bd5+ 35. f3 e5 36. Nf5 Kf7 37. Ne3 Bxc6 38. Nc4 Ke6 39. Kf2 Bb5 40. Ne3 c5 41. Ke1 Bc6 42. Ke2 g6 43. Nd1 a5 44.
Ke3 a4 45. Nc3 axb3 46. axb3 Bd5 47. Na4 Kd6 48. Nc3 Bxb3 49. Ne4+ Kd5 50. Kd3 Bc2+ 51. Kxc2 Kd4 52. Kd2 c4 53. Ng5 c3+ 54. Kc2 h6 55.
Nf7 g5 56. Nxh6 Ke3 57. Nf7 Kxf3 58. Nxe5+ Kxg3 59. Kxc3 Kf4 60. Nd3+ Kf3 61. Kd2 g4 62. Ke1 g3 63. Kf1 Ke3 64. Ne1 g2+ 65. Kg1 Kd4 66. Nf3+ Kc5 67. Nh4 Kb6 68. Nxg2 1/2-1/2

[Event "Early-Titled-Tuesday-Blitz-January-16-2024"]
[Site "Chess.com"]
[Date "2024.01.16"]
[Round "8"]
[White "Happy1712Drummer"]
[Black "SpongeBob_03"]
[Result "1-0"]
[WhiteElo "2479"]
[BlackElo "2217"]
[TimeControl "180+1"]
[EndTime "9:33:52 PST"]
[Termination "Happy1712Drummer won on time"]

1. Nf3 Nf6 2. c4 e6 3. d4 b6 4. a3 Bb7 5. Nc3 d6 6. Qc2 Nbd7 7. e4 e5 8. d5 a5 9. Rb1 Be7 10. h3 Nf8 11. b4 Ng6 12. Be3 Nh5 13. c5 axb4 14.
axb4 Ngf4 15. g3 Ng6 16. Bb5+ Kf8 17. Be2 Nf6 18. c6 Ba6 19. b5 Bc8 20. Kd2 h5 21. h4 Ng4 22. Ra1 Rxa1 23. Rxa1 Nxe3 24. fxe3 f6 25. Ra8 Kf7 26. Qd1 Rf8 27. Ne1 Kg8 28. Bxh5 Nh8 29. Nd3 g6 30. Rxc8 Qxc8 31. Bg4 f5 32.
exf5 gxf5 33. Bh3 Qe8 34. e4 f4 35.
Be6+ Kh7 36. Qg4 fxg3 37. Bf5+ Rxf5 38. Qxf5+ Qg6 39. Qd7 Qg7 40. Ne2 Bxh4 41. Qf5+ Qg6 42. Qd7+ Nf7 43. Qxc7 g2 44. Qd7 Bd8 45. c7 Bxc7 46.
Qxc7 Kh6 47. Ng1 Qg5+ 48. Ke2 Qg4+ 49. Kf2 Qxe4 50. Qxf7 Qd4+ 51. Kxg2 Qxd3 52. Qe6+ Kg5 53. Qxd6 Kf4 54. Nh3+ Ke3 55. Qxe5+ Kd2 56. d6 Qg6+ 57. Qg3 Qe4+ 58. Kh2 Qd5 59. Nf2 Qh5+ 60. Kg2 Qxb5 61. Qf4+ Ke1 62. Qe3+ 1-0

[Event "Early-Titled-Tuesday-Blitz-January-16-2024"]
[Site "Chess.com"]
[Date "2024.01.16"]
[Round "8"]
[White "dropstoneDP"]
[Black "BardArtem"]
[Result "0-1"]
[WhiteElo "3014"]
[BlackElo "2811"]
[TimeControl "180+1"]
[EndTime "9:33:53 PST"]
[Termination "BardArtem won by resignation"]

1. e4 e5 2. Nf3 Nc6 3. Bc4 Nge7 4. Ng5 d5 5. exd5 Nxd5 6. Nxf7 Kxf7 7. Qf3+ Ke6 8. Nc3 Ne7 9. d4 c6 10. O-O Qe8 11. Re1 Kd7 12. Nxd5 cxd5 13. Bb5+ Nc6 14. Rxe5 Qg6 15. Rxd5+ Kc7 16. Bf4+ Kb6 17. Qb3 Na5 18. Qc3 Qf7 19. b4 Nc6 20. Rc5 Bd7 21. Bg3 Be7 22. d5 Qf6 23. dxc6 Qxc3 24. Rxc3 bxc6 25. Bd3 Bf6 26. Re1 Bxc3 27. Re7 Rad8 28. h3 Rhe8 29. Rf7 Bf6 30. Bd6 Re6 31. Bc5+ Kc7 32. Bxa7 Re7 33. Rxe7 Bxe7 34. Bd4 Bxb4 35. Bxg7 Ra8 36. Bxh7 Rxa2 37. g4 Kb6 38. Kg2 c5 39. g5 Bc6+ 40. Kg3 Ra7 41.
Be5 Rxh7 42. f4 Be4 43. Kg4 Kc6 44. f5 Bxf5+ 45. Kxf5 Rxh3 46. g6 Rf3+ 47. Kg4 Rf8 48. g7 Rg8 49. Kf5 Kd7 50. Kf6 Ke8 51. Kg6 c4 52. Kf6 Be7+ 53. Ke6 Bg5 54. Kf5 Be7 55.
Kg6 Bd8 56. Bd4 Be7 57. Be5 Bh4 58. Bd4 Bg3 59. Bf6 Bd6 60. Bd4 Bb4 61. Bf6 Be7 62. Bd4 Bf8 63. Bc3 Bxg7 64. Bxg7 Ke7 65. Kh6 Kf7 66.
Bd4 Rg2 67. c3 Ke6 68. Kh5 Kf5 69. Kh4 Ke4 70. Kh3 Rc2 71. Kg4 Kd3 0-1

[Event "Early-Titled-Tuesday-Blitz-January-16-2024"]
[Site "Chess.com"]
[Date "2024.01.16"]
[Round "8"]
[White "bubeliang"]
[Black "Ellaijio_B"]
[Result "1-0"]
[WhiteElo "2777"]
[BlackElo "2791"]
[TimeControl "180+1"]
[EndTime "9:33:54 PST"]
[Termination "bubeliang won on time"]

1. e4 c5 2. c3 d5 3. exd5 Qxd5 4. d4 Nf6 5. Nf3 Bg4 6. dxc5 Qxc5 7. Be3 Qc7 8. h3 Bf5 9. Na3 a6 10. Be2 Nbd7 11.
O-O e5 12. Qb3 Be7 13. Rad1 O-O 14. Rd2 h6 15. Rfd1 b5 16. c4 Nc5 17. Bxc5 Bxc5 18.
Bf1 b4 19. Nc2 a5 20. Qa4 Ne4 21. Re2 Rad8 22. Rde1 Bd7 23. Qxd7 Rxd7 24. Rxe4 f6 25.
Ne3 Rfd8 26. Nd5 Qa7 27. R1e2 Kf8 28. g4 Rxd5 29. cxd5 Rxd5 30. Kg2 Rd1 31. Rc2 Bd4 32. Rc8+ Ke7 33. Rg8 Kd6 34. Rd8+ Kc7 35. Rg8 Kb6 36.
Bc4 Qb7 37. Re2 Rc1 38. Bd3 Qf7 39. Rb8+ Ka7 40. Rb5 Bb6 41. Be4 Rc5 42. Rxc5 Bxc5 43. b3 Kb6 44. Rd2 g6 45. Bd3 Qe8 46. Re2 Bd6 47.
Nd2 f5 48. gxf5 gxf5 49. Bxf5 Qg8+ 50. Kf1 Qg5 51. Be4 Qh5 52. Bg2 Qg5 53. Nc4+ Kc7 54.
Rd2 Bc5 55. Bf3 Qf4 56. Bg4 Qh2 57.
Rd7+ Kc6 58. Rf7 Qh1+ 59. Ke2 Qe4+ 60. Kf1 Qh1+ 61. Ke2 a4 62. Bf3+ Kb5 63. Bxh1 1-0

[Event "Early-Titled-Tuesday-Blitz-January-16-2024"]
[Site "Chess.com"]
[Date "2024.01.16"]
[Round "8"]
[White "LoScecco"]
[Black "The_Straightforward_Rook"]
[Result "1-0"]
[WhiteElo "2277"]
[BlackElo "2459"]
[TimeControl "180+1"]
[EndTime "9:33:54 PST"]
[Termination "LoScecco won by checkmate"]

1. c4 e5 2. g3 Nf6 3. Bg2 c6 4. d4 e4 5. Nc3 d5 6. cxd5 cxd5 7. Nh3 Bd6 8. Qb3 O-O 9. Nf4 Nc6 10. e3 Bxf4 11.
gxf4 Ne7 12. Bd2 a6 13. O-O-O b5 14. Kb1 Be6 15. Ne2 Qd7 16. h3 Rfc8 17. Bb4 Nf5 18. Ng3 Nh4 19. Bf1 g6 20. Be2 Rc6 21. Bc5 Qc8 22.
Rc1 Nd7 23. Be7 Nf5 24. Nxf5 Bxf5 25. Bg4 Be6 26. f5 gxf5 27. Bh5 Nf8 28. Bf6 Ng6 29. Be2 Qc7 30. Rxc6 Qxc6 31. Rc1 Qd7 32. h4 Rc8 33. Rg1 Qc6 34. h5 Kf8 35. hxg6 fxg6 36. Be5 Bf7 37. a3 h5 38. Qb4+ Kg8 39. Bxh5 Qc2+ 40.
Ka1 Qxf2 41. Rg3 Rc1+ 42. Ka2 Qe1 43. Qxe1 Rxe1 44. Bxg6 Bxg6 45. Rxg6+ Kh7 46. Rg7+ Kh6 47. Rg8 Rxe3 48. Bf4+ Kh7 49. Rh8+ Kxh8 50. Bxe3 Kg7 51. Kb3 Kf6 52. Bf4 Kg6 53. Kb4 Kh5 54. Kc5 Kg4 55.
Bc1 f4 56. Kxd5 Kf3 57. Ke5 e3 58. d5 e2 59. Bd2 Kg3 60. Ke4 f3 61. Be1+ Kg2 62.
Ke3 Kf1 63. Bf2 Kg2 64. d6 b4 65. d7 a5 66. axb4 axb4 67. d8=Q b3 68. Qg8+ Kf1 69.
Qg1# 1-0